 Dungeon Sprint DCSS version 0.15-a0-1004-gbf4e2e6 (webtiles) character file.

142 MDvedh the Insei (level 5, -3/38 HPs)
             Began as a Draconian Air Elementalist on May 25, 2014.
             Was a Follower of Vehumet.
             Slain by a troll (15 damage)
             ... in the Dungeon (Sprint IX: "|||||||||||||||||||||||||||||").
             The game lasted 00:02:14 (419 turns).

MDvedh the Insei (Draconian Air Elementalist)        Turns: 419, Time: 00:02:14

HP  -3/38        AC  5     Str 11      XL: 5   Next:  3%
MP   7/13        EV 14     Int 19      God: Vehumet [*.....]
Gold 0           SH  0     Dex 11      Spells:  2 memorised,  8 levels left

rFire  . . .     SeeInvis .     n - +4,+8 shillelagh "Devastator"
rCold  . . .     Clarity  .     (armour unavailable)
rNeg   . . .     Conserve .     (no shield)
rPois  .         rCorr    .     (helmet restricted)
rElec  .         rRot     .     (no cloak)
SustAb .         Spirit   .     (no gloves)
rMut   .         Warding  .     (no boots)
Gourm  .         NoTele   +     (no amulet)
MR     .....                    p - +3 ring of intelligence
                                o - +2 ring of evasion

@: not resistant to hostile enchantments, unstealthy
A: unfitting armour, cold-blooded, AC +5
a: Renounce Religion


You were in the Dungeon.
You worshipped Vehumet.
Vehumet was aware of your devotion.
You were not hungry.

You visited 1 branch

Inventory:

Hand weapons
 n - the +4,+8 shillelagh "Devastator" (weapon)
   (You found it in the Dungeon)
Magical devices
 l - a wand of fire (7)
Comestibles
 c - a bread ration
Scrolls
 i - 2 scrolls of blinking
 j - 3 scrolls of remove curse
 k - 2 scrolls of amnesia
Jewellery
 o - a +2 ring of evasion (left hand)
 p - a +3 ring of intelligence (right hand)
Potions
 a - a potion of invisibility
 d - 5 potions of curing
 e - 3 potions of heal wounds
 f - a potion of haste
 g - 4 potions of magic
 h - a potion of berserk rage
Books
 b - a book of Air

   Spells                             Type                      Level
   *Shock                             Conjuration/Air              1
   Swiftness                          Charms/Air                   2
   Repel Missiles                     Charms/Air                   2
   Flight                             Charms/Air                   3
   *Static Discharge                  Conjuration/Air              3
   Lightning Bolt                     Conjuration/Air              5
Magical staves
 m - an uncursed staff of energy


   Skills:
 - Level 1.7 Dodging
 - Level 1.7 Stealth
 - Level 6.8 Unarmed Combat
 + Level 4.2 Spellcasting
 + Level 4.0 Conjurations
 + Level 5.1 Air Magic


You had 8 spell levels left.
You knew the following spells:

 Your Spells              Type           Power        Failure   Level  Hunger
a - Shock                 Conj/Air       ###.         1%          1    None
b - Static Discharge      Conj/Air       ###.....     8%          3    ###....


Dungeon Overview and Level Annotations

Branches:
Dungeon (1/1)

Altars:
Cheibriados
Dithmenos
Elyvilon
Fedhas
Gozag
Kikubaaqudgha
Makhleb
Nemelex Xobeh
Okawaru
Qazlal
Sif Muna
Trog
Vehumet
Xom
Yredelemnul
Zin
The Shining One
Beogh
Jiyva
Lugonu


Innate Abilities, Weirdness & Mutations

Your plain brown scales are hard (AC +5).
Your body does not fit into most forms of armour.
Your cold-blooded metabolism reacts poorly to cold.


Message History

Confirm with . or Enter, or press ? or * to list all spells.
Aiming: Shock
Press: ? - help, Shift-Dir - straight line, f - troll
Aim: a troll (severely wounded)
The zap hits the troll.
The troll is severely wounded.
The zap hits the crimson imp.
The crimson imp is moderately wounded.
The zap hits the rat.
You kill the rat!
Vehumet accepts your kill.
The zap hits the crimson imp.
The crimson imp is moderately wounded.
The zap hits the rat.
You kill the rat!
Vehumet accepts your kill.
You can now gain magical power from killing.
Vehumet offers you knowledge of Sting. The troll bites you!
You die... ▓▓▓▓▓▓▓▓▓▓▓▓▓▓▓▓▓▓▓▓▓▓▓▓▓ +..%.55T@.[[[)...'_______ ▓▓▓▓▓▓▓▓▓▓▓▓▓▓▓▓▓▓▓▓▓▓▓▓▓

You could see a troll and 2 crimson imps.

Vanquished Creatures
  A black bear (D)
  A crimson imp (D)
  An adder (D)
  A hobgoblin (D)
  A bat (D)
  A giant newt (D)
  3 goblins (D)
  4 rats (D)
13 creatures vanquished.

Notes
Turn   | Place    | Note
--------------------------------------------------------------
     0 | D        | MDvedh, the Draconian Air Elementalist, began the quest for the Orb.
     0 | D        | Reached XP level 1. HP: 14/14 MP: 3/3
     6 | D        | Reached skill level 1 in Unarmed Combat
    49 | D        | Noticed a crimson imp
    53 | D        | Reached skill level 4 in Unarmed Combat
    53 | D        | Reached XP level 2. HP: 18/20 MP: 0/4
   133 | D        | Killed a crimson imp
   133 | D        | Reached skill level 6 in Unarmed Combat
   133 | D        | Reached XP level 3. HP: 7/26 MP: 3/6
   367 | D        | Found a glowing silver altar of Zin.
   367 | D        | Found a glowing golden altar of the Shining One.
   367 | D        | Found an ancient bone altar of Kikubaaqudgha.
   367 | D        | Found a basalt altar of Yredelemnul.
   367 | D        | Found a shimmering altar of Xom.
   367 | D        | Found a radiant altar of Vehumet.
   367 | D        | Found an iron altar of Okawaru.
   368 | D        | Found a burning altar of Makhleb.
   369 | D        | Found a deep blue altar of Sif Muna.
   370 | D        | Found a bloodstained altar of Trog.
   371 | D        | Found a sparkling altar of Nemelex Xobeh.
   372 | D        | Found a white marble altar of Elyvilon.
   373 | D        | Found a roughly hewn altar of Beogh.
   374 | D        | Found a viscous altar of Jiyva.
   375 | D        | Became a worshipper of Vehumet
   376 | D        | Found a corrupted altar of Lugonu.
   377 | D        | Found a blossoming altar of Fedhas.
   378 | D        | Found a snail-covered altar of Cheibriados.
   379 | D        | Found a shadowy altar of Dithmenos.
   380 | D        | Found a stormy altar of Qazlal.
   381 | D        | Found an opulent altar of Gozag.
   391 | D        | Learned a level 3 spell: Static Discharge
   415 | D        | Noticed a crimson imp
   415 | D        | Noticed a crimson imp
   415 | D        | Noticed a troll
   415 | D        | Noticed a black bear
   417 | D        | Killed a black bear
   417 | D        | Reached skill level 5 in Air Magic
   417 | D        | Reached XP level 4. HP: 33/33 MP: 7/11
   417 | D        | Reached XP level 5. HP: 38/38 MP: 8/13
   419 | D        | Acquired Vehumet's first power
   419 | D        | Offered knowledge of Sting by Vehumet.
   419 | D        | Slain by a troll

Action                   |  1- 3 |  4- 6 || total
-------------------------+-------+-------++-------
Melee: Unarmed           |    26 |       ||    26
       Shillelagh        |     2 |     1 ||     3
 Cast: Shock             |    10 |     1 ||    11
